 Dungeon Crawl Stone Soup version 0.30-a0-364-gf6b3ef1049 (webtiles) character file.

Game seed: 1780342282237370760

15 ragingrage the Slasher (level 2, -1/24 HPs)
             Began as a Merfolk Chaos Knight on Nov 15, 2022.
             Was a Plaything of Xom.
             Succumbed to a hornet's poison
             ... on level 1 of the Dungeon.
             The game lasted 00:00:17 (174 turns).

ragingrage the Slasher (Merfolk Chaos Knight)        Turns: 174, Time: 00:00:17

Health: -1/24      AC:  5    Str: 12    XL:     2   Next: 50%
Magic:  2/2        EV: 12    Int: 11    God:    Xom [*.....]
Gold:   0          SH:  0    Dex: 13    Spells: 1/1 levels left

rFire   . . .      SeeInvis .    a - +0 falchion (chaos)
rCold   . . .      Faith    .    (no shield)
rNeg    . . .      Spirit   .    b - +2 leather armour
rPois   .          Reflect  .    (no helmet)
rElec   .          Harm     .    (no cloak)
rCorr   .          Rampage  .    (no gloves)
Will    .....                    (no boots)
Stlth   +.........               (no amulet)
HPRegen 0.24/turn                (no ring)
MPRegen 0.08/turn                (no ring)

@: lethally poisoned (-1 -> -8)
A: (nimble swimmer 2), mertail
a: Renounce Religion


You were on level 1 of the Dungeon.
You worshipped Xom.
You were a special plaything of Xom.
You visited 1 branch of the dungeon, and saw 1 of its levels.

Inventory:

Hand Weapons
 a - a +0 falchion of chaos (weapon)
Armour
 b - a +2 leather armour (worn)
Potions
 d - a potion of lignification {unknown}
 e - 2 potions of curing {unknown}
Miscellaneous
 c - a piece from Xom's chessboard (15/15) (quivered)


   Skills:
 - Level 3.2 Fighting
 + Level 4.6 Long Blades
 - Level 0.6 Armour
 - Level 2.6 Dodging


You had one spell level left.
You didn't know any spells.
Your spell library was empty.

Dungeon Overview and Level Annotations

Branches:
Dungeon (1/15)

Altars:


Innate Abilities, Weirdness & Mutations

((You are very nimble when in or above water. (Stealth+, EV+, Speed+++)))
Your lower body shifts to a powerful aquatic tail in water.


Message History

You swing at nothing.
You swing at nothing.
You swing at nothing.
You swing at nothing.
You swing at nothing.
You swing at nothing.
You swing at nothing.
You swing at nothing.
You swing at nothing.
Items here: ) ††††††.
A ball python comes into view.
A gnoll comes into view. It is wielding a +0 club.
There are monsters nearby!
There are monsters nearby!
There are monsters nearby!
The gnoll shouts!
You slash the ball python! You burn the ball python.
You kill the ball python!
A rat comes into view.
The gnoll hits you with a +0 club.
You hit the gnoll.
The gnoll changes into a shapeshifter!
Xom thinks this is hilarious!
The shapeshifter changes into a hornet!
You hit the hornet but do no damage. The hornet stings you.
You are poisoned.
You suddenly lose the ability to move!
You feel very sick. "This might be better!"
The hornet changes into a shapeshifter!
The shapeshifter changes into a blink frog!
You can move again.
The blink frog attacks as you move away!
The blink frog barely misses you.
You feel very sick.
The blink frog attacks as you move away!
The blink frog hits you!
Ouch! That really hurt!
* * * LOW HITPOINT WARNING * * *
You die...
Xom chuckles heartily!

#... ## .###...#######..
..............#
#............# ####
#............# ...#
#...).......# ##.#
#.rF......# #.#
#†........#
#.#############@..†....#
##............).>########
....############## ###.#
#.# #†# #.# #.# #.#


You could see a blink frog shaped shifter and a rat.

Vanquished Creatures
  A bat (D:1)
  A goblin (D:1)
  A hobgoblin (D:1)
  4 jackals (D:1)
  A quokka (D:1)
  A ball python (D:1)
  5 rats (D:1)
14 creatures vanquished.

Notes
Turn   | Place    | Note
-------+----------+-------------------------------------------
     0 | D:1      | ragingrage the Merfolk Chaos Knight began the quest for the
                  | Orb.
     0 | D:1      | Reached XP level 1. HP: 18/18 MP: 1/1
    29 | D:1      | XOM: silly message
   105 | D:1      | Reached skill level 4 in Long Blades
   134 | D:1      | Reached XP level 2. HP: 24/24 MP: 2/2
   170 | D:1      | a gnoll changed into a shapeshifter
   170 | D:1      | Noticed a shapeshifter (shapeshifter)
   170 | D:1      | a shapeshifter changed into a hornet
   170 | D:1      | Noticed a hornet (shapeshifter)
   171 | D:1      | Paralysed by a hornet for 2 turns
   172 | D:1      | a hornet changed into a shapeshifter
   172 | D:1      | Noticed a shapeshifter (shapeshifter)
   172 | D:1      | XOM: polymorph hornet -> shapeshifter
   172 | D:1      | a shapeshifter changed into a blink frog
   172 | D:1      | Noticed a blink frog (shapeshifter)
   174 | D:1      | HP: 1/24 [blink frog (shapeshifter) (15)]
   174 | D:1      | Succumbed to a hornet's poison

Illustrated notes

Levels and vault maps discovered:
D:1:      dpeg_arrival_erosion, layout_basic, chequers_decorated_corner

Skill      XL: |  1 |
---------------+----+-----
Long Blades    | 4 |  4.6
Fighting       | |  3.2
Armour         | |  0.6
Dodging        | |  2.6

Action                   || total
-------------------------++-------
Melee: Falchion          ||    39
Armor: Leather armour    ||    14
Dodge: Dodged            ||    25

Table legend: (Time is in decaauts)
 A = Elapsed time spent in this place.
 B = Non-inter-level travel time spent in this place.
 C = Inter-level travel time spent in this place.
 D = Time resting spent in this place.
 E = Time spent auto-exploring this place.
 F = Levels seen in this place.
 G = Mean time per level.
                   A        B        C        D        E       F      G
               +--------+--------+--------+--------+--------+-----+--------+
         Total |    178 |    178 |      0 |      0 |     92 |   1 |  178.0 |
       Dungeon |    178 |    178 |      0 |      0 |     92 |   1 |  178.0 |
               +--------+--------+--------+--------+--------+-----+--------+

Top non-repeatable levels by time:
     D:1: 178 daAuts
